cohdb
Replays
Latest Replays
All Replays
Popular Replays
Top Player Replays
Match Explorer
How It Works
Community
CoH3 Stats
Reddit
Sign in to upload your games and track your stats! →
Sign in with Steam
Match 43780047
Unlisted
Match 43780047
Overview
Messages
Build Orders
End
Construct Barracks
Riflemen Squad
Riflemen Squad
Riflemen Squad
Construct Medical Station
Construct Weapon Support Center
Grenade Package
M1919 Machine Gun Team
Selects Heavy Weapons
Selects M2HB .50cal Heavy Machine Gun
Infantry Support Center
Selects Rapid Reposition
M1919 Machine Gun Team
Construct Tank Depot
Bazooka Squad
M18 Hellcat Tank Destroyer
M18 Hellcat Tank Destroyer
Selects Black Dragon Artillery Barrage
Black Dragon Artillery Barrage
BUBBA_ACTUAL
JollyRedRockett
20k keks under the sea
Chastener
0
0
Comments
sign in to comment!
No comments posted yet!